AoeStats
← 海霸天

Black Forest

509824193Analyzed
4v4 RM · 5d ago on Sep 28, 2026· 59m 59s· 8 players
Game mode
Random Map
Map size
Large (8 player)
Population
200
Speed
Normal
Resources
Standard
Victory
Conquest
Starting age
Dark Age
Ending age
Imperial Age
RankedLock teamsTeams togetherTeam positionsShared explorationLock speedFull tech treeHidden civsTurbo modeCheats
Victory
Defeat
🇳🇿 Khmer · New Zealand
665
+14
🇺🇸 Romans · United States
585
+18
🇺🇸 Spanish · United States
569
+18
🇺🇸 Britons · United States
549
+19
🇦🇷 Bohemians · Argentina
665
-19
🇨🇳 Byzantines · China
620
-17
🇬🇧 Bulgarians · United Kingdom
618
-17
🇹🇼 Japanese · Taiwan
600
-16
matticus23
0:27 Loom
13:29 Feudal Age
15:07 Wheelbarrow
14:19 Double-Bit Axe
14:31 Gold Mining
14:34 Stone Mining
22:36 Castle Age
24:30 Horse Collar
27:56 Heavy Plow
28:12 Bow Saw
29:20 Hand Cart
28:53 Town Watch
31:27 Gold Shaft Mining
32:50 Fortified Wall
33:03 Ballistics
36:02 Imperial Age
34:43 Ballistas
35:15 Caravan
37:05 Heavy Scorpion
37:07 Man-at-Arms
37:49 Squires
38:13 Conscription
39:06 Comitatenses
38:11 Long Swordsman
39:42 Crop Rotation
39:26 Scale Mail Armor
39:37 Forging
39:33 Scale Barding Armor
39:19 Fletching
39:30 Padded Archer Armor
39:43 Town Patrol
39:54 Siege Engineers
39:45 Murder Holes
40:02 Masonry
40:53 Chemistry
40:19 Legionary
40:21 Pikeman
40:29 Elite Skirmisher
41:56 Chain Mail Armor
42:16 Iron Casting
42:05 Chain Barding Armor
41:29 Capped Ram
43:29 Crop Rotation
42:34 Siege Ram
43:28 Halberdier
44:30 Onager
49:52 Bodkin Arrow
50:12 Leather Archer Armor
DK3175
0:32 Loom
12:00 Feudal Age
17:44 Castle Age
15:51 Double-Bit Axe
16:28 Horse Collar
20:41 Heavy Plow
25:48 Wheelbarrow
27:30 Hand Cart
28:34 Forging
28:30 Scale Barding Armor
29:51 Iron Casting
30:20 Chain Barding Armor
33:51 Imperial Age
33:23 Bloodlines
33:13 Husbandry
33:34 Tusk Swords
33:37 Gold Mining
33:53 Elite Battle Elephant
35:04 Conscription
35:48 Plate Barding Armor
36:44 Blast Furnace
37:15 Chemistry
37:33 Crop Rotation
37:44 Double Crossbow
38:49 Elite Ballista Elephant
44:27 Onager
46:28 Bow Saw
50:05 Heavy Scorpion
Karma
1:48 Loom
10:00 Feudal Age
11:33 Double-Bit Axe
12:21 Horse Collar
19:21 Castle Age
18:34 Gold Mining
18:38 Fletching
23:35 Fervor
23:18 Stone Mining
24:44 Ballistics
28:10 Pikeman
28:50 Squires
28:42 Light Cavalry
29:23 Husbandry
33:01 Fortified Wall
33:43 Bodkin Arrow
33:49 Padded Archer Armor
34:04 Masonry
34:57 Forging
34:47 Scale Mail Armor
36:21 Wheelbarrow
39:42 Imperial Age
37:31 Hand Cart
37:04 Town Watch
38:21 Heavy Plow
38:36 Bow Saw
38:52 Town Patrol
39:17 Chain Mail Armor
39:37 Iron Casting
39:17 Leather Archer Armor
39:08 Scale Barding Armor
40:47 Conscription
41:20 Gold Shaft Mining
41:16 Elite Longbowman
42:19 Guilds
42:10 Caravan
43:28 Bracer
43:58 Ring Archer Armor
44:29 Blast Furnace
44:00 Plate Mail Armor
46:36 Yeomen
52:40 Warwolf
54:46 Chemistry
54:18 Architecture
54:56 Halberdier
56:17 Chain Barding Armor
58:04 Plate Barding Armor
59:07 Arson
MordorQva
10:22 Feudal Age
13:51 Double-Bit Axe
18:25 Castle Age
16:55 Double-Bit Axe
22:35 Horse Collar
23:47 Wheelbarrow
24:35 Bow Saw
25:57 Heavy Plow
27:39 Caravan
28:47 Padded Archer Armor
29:11 Hand Cart
28:52 Gold Mining
31:54 Stone Mining
32:25 Leather Archer Armor
32:01 Fletching
32:16 Scale Barding Armor
36:45 Imperial Age
35:14 Stone Shaft Mining
38:31 Chemistry
37:58 Ballistics
37:36 Arrowslits
38:57 Two-Man Saw
38:22 Conscription
37:49 Elite Conquistador
37:57 Elite Conquistador
39:34 Ring Archer Armor
39:16 Onager
41:39 Bombard Tower
47:30 Scale Mail Armor
47:50 Chain Barding Armor
47:41 Forging
47:26 Bodkin Arrow
50:37 Plate Barding Armor
50:17 Chain Mail Armor
58:06 Capped Ram
60:21 Plate Mail Armor
59:53 Bracer
ZayaTruco
0:27 Loom
14:47 Feudal Age
15:27 Horse Collar
16:01 Double-Bit Axe
17:04 Wheelbarrow
21:12 Castle Age
22:14 Bow Saw
22:21 Heavy Plow
22:35 Forging
22:26 Scale Mail Armor
24:48 Iron Casting
24:29 Chain Mail Armor
24:42 Hand Cart
25:53 Wagenburg Tactics
26:32 Caravan
27:07 Coinage
27:20 Squires
27:06 Arson
26:56 Pikeman
34:05 Imperial Age
35:51 Blast Furnace
35:22 Plate Mail Armor
34:29 Halberdier
38:20 Two-Man Saw
38:14 Siege Engineers
38:46 Ballistics
39:30 Chemistry
42:23 Conscription
41:38 Houfnice
45:11 Fletching
45:24 Padded Archer Armor
45:34 Bodkin Arrow
46:24 Leather Archer Armor
46:44 Bracer
48:08 Ring Archer Armor
海霸天
13:50 Feudal Age
12:06 Loom
14:44 Double-Bit Axe
14:45 Horse Collar
20:49 Castle Age
19:25 Wheelbarrow
21:34 Heavy Plow
21:55 Gold Mining
22:48 Bow Saw
23:43 Hand Cart
31:44 Imperial Age
30:45 Fletching
30:56 Padded Archer Armor
31:23 Ballistics
31:57 Thumb Ring
33:35 Two-Man Saw
33:03 Elite Skirmisher
35:06 Bodkin Arrow
35:26 Leather Archer Armor
35:27 Siege Engineers
36:23 Chemistry
37:19 Kataparuto
37:22 Conscription
39:16 Bracer
40:38 Ring Archer Armor
40:51 Onager
43:41 Elite Samurai
52:30 Yasama
2824533090
12:08 Feudal Age
18:53 Castle Age
18:35 Double-Bit Axe
28:21 Horse Collar
32:16 Imperial Age
31:43 Gold Mining
31:44 Stone Mining
32:18 Bow Saw
33:27 Wheelbarrow
34:23 Chemistry
32:50 Man-at-Arms
33:34 Squires
33:21 Gambesons
33:23 Arson
36:26 Gold Shaft Mining
36:27 Stone Shaft Mining
36:55 Two-Man Saw
35:53 Capped Ram
38:38 Siege Ram
38:42 Long Swordsman
38:52 Cavalier
39:34 Husbandry
40:08 Treadmill Crane
40:36 Scale Mail Armor
40:41 Scale Barding Armor
40:48 Forging
40:44 Padded Archer Armor
40:22 Two-Handed Swordsman
42:43 Heavy Plow
42:29 Champion
44:33 Crop Rotation
47:34 Conscription
47:54 Hoardings
50:44 Paladin
59:21 Chain Barding Armor
59:37 Iron Casting
HolyKanolie
0:28 Loom
16:13 Feudal Age
17:32 Wheelbarrow
16:43 Town Watch
17:43 Double-Bit Axe
17:40 Horse Collar
17:54 Gold Mining
17:55 Stone Mining
25:17 Castle Age
25:22 Bloodlines
26:08 Bow Saw
26:01 Heavy Plow
26:23 Hand Cart
26:24 Light Cavalry
29:22 Town Patrol
32:18 Scale Barding Armor
33:32 Masonry
33:15 Guard Tower
33:47 Ballistics
35:15 Caravan
36:25 Chain Barding Armor
36:16 Forging
35:57 Fletching
36:06 Murder Holes
38:46 Husbandry
41:20 Imperial Age
40:35 Stirrups
41:22 Iron Casting
40:43 Bodkin Arrow
41:29 Hussar
42:32 Conscription
43:02 Gold Shaft Mining
43:03 Stone Shaft Mining
44:34 Chemistry
44:05 Architecture
43:41 Siege Engineers
44:12 Keep
44:15 Plate Barding Armor
45:05 Crop Rotation
46:26 Blast Furnace
45:28 Bracer
45:30 Scale Mail Armor
45:31 Padded Archer Armor
46:21 Bagains
Connection lost

Rejoining the realm…

Still unreachable

The connection could not be restored.

Session expired

The server has moved on; the page needs a fresh start.